AoeStats
← La Entrepierna de Exodia

Lombardia

507582212Analyzed
4v4 RM · 15d ago on Sep 18, 2026· 52m 19s· 8 players
Game mode
Random Map
Map size
Large (8 player)
Population
200
Speed
Normal
Resources
Standard
Victory
Conquest
Starting age
Dark Age
Ending age
Imperial Age
RankedLock teamsTeams togetherTeam positionsShared explorationLock speedFull tech treeHidden civsTurbo modeCheats
Victory
Defeat
🇩🇪 Magyars · Germany
1344
+11
🇦🇷 Wu · Argentina
1273
+14
🇩🇪 Hindustanis · Germany
1218
+16
🇩🇪 Jurchens · Germany
1126
+21
🇹🇼 Slavs · Taiwan
1256
-16
🇳🇱 Gurjaras · Netherlands
1245
-16
🇵🇱 Poles · Poland
1230
-16
1192
-14
Sherlock_holmes
10:32 Feudal Age
14:24 Double-Bit Axe
17:00 Castle Age
17:23 Horse Collar
21:35 Bow Saw
27:50 Wheelbarrow
28:07 Town Watch
29:19 Bloodlines
29:16 Scale Barding Armor
35:21 Chain Barding Armor
35:12 Forging
36:58 Husbandry
41:27 Iron Casting
41:36 Scale Mail Armor
41:39 Heavy Plow
42:00 Gold Mining
44:56 Gold Shaft Mining
jkeR.!
11:48 Feudal Age
16:18 Castle Age
14:16 Double-Bit Axe
15:20 Horse Collar
28:21 Wheelbarrow
29:03 Heavy Plow
29:17 Bow Saw
29:01 Gold Mining
29:08 Stone Mining
30:06 Hand Cart
30:27 Szlachta Privileges
32:59 Imperial Age
33:09 Imperial Age
31:55 Pikeman
32:36 Squires
32:21 Arson
35:20 Imperial Age
34:13 Light Cavalry
35:15 Bloodlines
35:31 Forging
35:26 Scale Barding Armor
35:28 Husbandry
36:45 Stone Shaft Mining
35:39 Winged Hussar
35:40 Cavalier
37:30 Conscription
37:38 Lechitic Legacy
39:28 Crop Rotation
42:14 Chain Barding Armor
42:29 Iron Casting
45:46 Blast Furnace
La Entrepierna de Exodia
7:24 Loom
10:19 Feudal Age
11:15 Double-Bit Axe
13:10 Fletching
13:21 Padded Archer Armor
15:46 Horse Collar
19:29 Wheelbarrow
18:40 Town Watch
19:35 Wheelbarrow
18:45 Town Watch
23:54 Castle Age
23:57 Crossbowman
24:42 Thumb Ring
24:58 Bodkin Arrow
25:18 Leather Archer Armor
27:23 Gold Mining
27:45 Bow Saw
28:47 Hand Cart
28:32 Town Patrol
29:17 Ballistics
35:37 Gold Shaft Mining
34:53 Stone Mining
happyeric8877
7:30 Loom
12:37 Feudal Age
17:42 Castle Age
16:28 Double-Bit Axe
Pablo0192
8:49 Feudal Age
8:02 Loom
10:11 Double-Bit Axe
13:18 Fletching
18:41 Castle Age
19:04 Stone Mining
19:41 Bow Saw
25:47 Ballistics
32:15 Bodkin Arrow
33:40 Red Cliffs Tactics
35:19 Wheelbarrow
38:55 Imperial Age
37:05 Padded Archer Armor
39:47 Bracer
40:52 Conscription
40:30 Gold Mining
41:15 Stone Shaft Mining
41:03 Scale Mail Armor
41:13 Forging
42:30 Two-Man Saw
41:04 Pikeman
41:44 Squires
41:30 Arson
42:56 Halberdier
44:38 Chain Mail Armor
44:58 Iron Casting
46:10 Hand Cart
45:41 Town Watch
46:31 Caravan
46:09 Elite Fire Archer
48:31 Plate Mail Armor
49:18 Gold Shaft Mining
Crackhörnchen
2:40 Loom
11:09 Feudal Age
14:33 Double-Bit Axe
16:52 Castle Age
16:18 Double-Bit Axe
16:17 Horse Collar
16:58 Bloodlines
24:37 Forging
25:59 Husbandry
26:06 Scale Barding Armor
32:38 Imperial Age
31:15 Iron Casting
35:16 Chemistry
37:34 Wheelbarrow
37:18 Shatagni
37:39 Conscription
38:01 Siege Engineers
40:31 Heavy Camel Rider
41:51 Hand Cart
41:26 Town Watch
42:36 Imperial Camel Rider
47:31 Blast Furnace
47:10 Chain Barding Armor
49:49 Plate Barding Armor
KillerTomate
8:28 Loom
11:08 Feudal Age
15:11 Castle Age
15:40 Double-Bit Axe
15:38 Horse Collar
27:04 Scale Mail Armor
27:14 Forging
30:55 Bow Saw
32:02 Chain Mail Armor
31:57 Forging
32:30 Scale Barding Armor
33:36 Heavy Plow
35:15 Chain Barding Armor
36:43 Wheelbarrow
38:09 Iron Casting
37:52 Hand Cart
41:18 Husbandry
41:29 Bloodlines
41:54 Gold Mining
47:10 Imperial Age
47:20 Elite Steppe Lancer
49:59 Plate Barding Armor
50:25 Blast Furnace
Twtis
8:02 Loom
10:31 Feudal Age
14:38 Castle Age
13:12 Double-Bit Axe
14:33 Horse Collar
17:21 Loom
24:23 Bow Saw
25:09 Fletching
27:19 Heavy Plow
27:13 Gold Mining
27:40 Bodkin Arrow
29:13 Padded Archer Armor
30:03 Ballistics
30:45 Bloodlines
32:05 Wheelbarrow
31:41 Husbandry
33:52 Leather Archer Armor
34:15 Hand Cart
37:37 Thumb Ring
41:06 Imperial Age
42:13 Bracer
43:17 Chemistry
41:39 Heavy Cavalry Archer
42:46 Parthian Tactics
42:54 Ring Archer Armor
43:04 Recurve Bow
43:25 Conscription
44:43 Caravan
45:17 Coinage
46:22 Conscription
48:50 Corvinian Army
49:26 Hoardings
48:59 Scale Barding Armor
50:35 Chain Barding Armor
50:38 Elite Magyar Huszar
52:41 Plate Barding Armor
Connection lost

Rejoining the realm…

Still unreachable

The connection could not be restored.

Session expired

The server has moved on; the page needs a fresh start.